[Event "ICC tourney 2289 (45 10)"]
[Site "Internet Chess Club"]
[Date "2021.01.09"]
[Round "1"]
[White "avbhosale"]
[Black "EthanDember"]
[Result "0-1"]
[ICCResult "White checkmated"]
[WhiteElo "462"]
[BlackElo "1030"]
[Opening "Sicilian defense"]
[ECO "B33"]
[NIC "SI.34"]
[Time "12:03:59"]
[PlyCount "160"]
[TimeControl "2700+10"]

1. e4 c5 2. Nf3 Nc6 3. d4 cxd4 4. Nxd4 Nf6 5. Nc3 a6 6. Nxc6 bxc6 7. Bc4 d5
8. exd5 cxd5 9. Nxd5 Nxd5 10. Bxd5 Ra7 11. Bc6+ Bd7 12. Bxd7+ Rxd7 13. Qf3
e5 14. O-O Bd6 15. Re1 O-O 16. Be3 Re8 17. Qe2 Qc8 18. Bd4 Rde7 19. Bc3 Bc5
20. Rad1 Qc6 21. Qe4 Qxe4 22. Rxe4 f5 23. Re2 Bd4 24. Bxd4 exd4 25. Rxe7
Rxe7 26. h3 Rd7 27. c3 d3 28. Kf1 Kf7 29. Ke1 Ke6 30. Kd2 Rd5 31. Ke3 Ra5
32. a3 Rb5 33. b4 Rd5 34. Rxd3 f4+ 35. Kd2 Rg5 36. g4 fxg3 37. Rxg3 Rd5+
38. Rd3 Rf5 39. Ke3 Rh5 40. Kf3 Rxh3+ 41. Ke2 Rh1 42. c4 h5 43. b5 axb5 44.
cxb5 Rb1 45. a4 Rb4 46. Kd2 Rxa4 47. Rb3 Kd7 48. b6 Kc8 49. b7+ Kb8 50. Ke3
g5 51. Kf3 Rf4+ 52. Kg3 Rc4 53. Kh3 Rf4 54. Rb2 Rf3+ 55. Kg2 g4 56. Rb5 h4
57. Rg5 Rf4 58. Kg1 Kxb7 59. Kg2 Kc6 60. Kh2 Rxf2+ 61. Kg1 Rf4 62. Kg2 Kd6
63. Kh2 Ke6 64. Ra5 Kf6 65. Ra1 Kg5 66. Rg1 Rf2+ 67. Kh1 g3 68. Re1 Kg4 69.
Re4+ Kf3 70. Re1 h3 71. Ra1 g2+ 72. Kg1 Rf1+ 73. Rxf1+ gxf1=Q+ 74. Kxf1 h2
75. Ke1 h1=Q+ 76. Kd2 Qh4 77. Kd3 Qb4 78. Kc2 Ke3 79. Kd1 Qb2 80. Ke1 Qe2#
{ White checkmated } 0-1

[Event "ICC tourney 2289 (45 10)"]
[Site "Internet Chess Club"]
[Date "2021.01.09"]
[Round "1"]
[White "DevajVadher"]
[Black "Harithaananth"]
[Result "0-1"]
[ICCResult "White checkmated"]
[WhiteElo "826"]
[BlackElo "1087"]
[Opening "King's pawn game"]
[ECO "C50"]
[NIC "IG.03"]
[Time "12:04:10"]
[PlyCount "118"]
[TimeControl "2700+10"]

1. e4 e5 2. Nf3 Nc6 3. Bc4 Nd4 4. Nxe5 Qg5 5. Ng4 d5 6. exd5 Qxg4 7. Qxg4
Bxg4 8. Bb3 Nxb3 9. cxb3 Nf6 10. Nc3 Bb4 11. O-O Bxc3 12. Re1+ Kd7 13. bxc3
Rhe8 14. Ba3 Rxe1+ 15. Rxe1 Re8 16. Rc1 Nxd5 17. h3 Be6 18. c4 Nf4 19. Re1
Bf5 20. Rd1 Bc2 21. Rf1 Nd3 22. Kh2 Re1 23. Rxe1 Nxe1 24. Bf8 g6 25. Bc5 b6
26. Be3 Nd3 27. Kg3 Nc1 28. d4 Nxa2 29. d5 Bxb3 30. c5 bxc5 31. Bxc5 Bxd5
32. Bxa7 Nb4 33. Bc5 Nc6 34. f4 Nd8 35. Kg4 Bxg2 36. h4 Bd5 37. Kg5 Ne6+
38. Kf6 Nxc5 39. Kg7 h5 40. Kh6 Ne4 41. Kg7 c5 42. Kg8 c4 43. Kg7 c3 44.
Kh6 Nf2 45. Kg7 c2 46. Kf8 c1=Q 47. Kg7 Qc3+ 48. Kh6 Ng4+ 49. Kh7 Qg3 50.
Kg7 Qxh4 51. Kh7 Nf6+ 52. Kg7 Qxf4 53. Kh8 h4 54. Kg7 h3 55. Kf8 Kd6 56.
Kg7 Ng4 57. Kf8 h2 58. Kg7 h1=Q 59. Kf8 Qh8# { White checkmated } 0-1

[Event "ICC tourney 2289 (45 10)"]
[Site "Internet Chess Club"]
[Date "2021.01.09"]
[Round "1"]
[White "AirMaisem"]
[Black "tarunsankar"]
[Result "0-1"]
[ICCResult "White checkmated"]
[WhiteElo "1171"]
[BlackElo "861"]
[Opening "French: Winawer, advance, 5.a3"]
[ECO "C17"]
[NIC "FR.10"]
[Time "12:04:01"]
[PlyCount "96"]
[TimeControl "2700+10"]

1. e4 e6 2. d4 d5 3. Nc3 Bb4 4. e5 c5 5. a3 cxd4 6. axb4 dxc3 7. bxc3 Nc6
8. b5 Nxe5 9. f4 Ng6 10. c4 Nf6 11. Nf3 O-O 12. Be2 Qc7 13. Qd4 Bd7 14. O-O
Rfe8 15. Ne5 Qb6 16. c5 Qc7 17. Nxd7 Qxd7 18. Bd3 e5 19. fxe5 Nxe5 20. Bg5
Qd8 21. Bxf6 gxf6 22. Be2 Ng6 23. Bd3 Kg7 24. Rae1 Rxe1 25. Rxe1 Qd7 26.
Rf1 Ne5 27. Qh4 Nxd3 28. Qxf6+ Kg8 29. cxd3 Qe6 30. Qg5+ Kf8 31. h4 d4 32.
Kh1 h6 33. Qf4 Rc8 34. Qxd4 Ke7 35. Qb4 Kd7 36. Re1 Qf6 37. b6 a6 38. Qg4+
Kd8 39. Qe4 Qe6 40. Qb4 Qd5 41. c6 Rxc6 42. Qe7+ Kc8 43. Qe8+ Qd8 44. Qxf7
Qxh4+ 45. Kg1 Qxe1+ 46. Kh2 Qe5+ 47. Kh1 Rc1+ 48. Qf1 Rxf1# { White
checkmated } 0-1

[Event "ICC tourney 2289 (45 10)"]
[Site "Internet Chess Club"]
[Date "2021.01.09"]
[Round "1"]
[White "soreairplane"]
[Black "Nikunjmore"]
[Result "1-0"]
[ICCResult "Black checkmated"]
[WhiteElo "1140"]
[BlackElo "672"]
[Opening "French: exchange variation"]
[ECO "C01"]
[NIC "FR.01"]
[Time "12:04:07"]
[PlyCount "57"]
[TimeControl "2700+10"]

1. e4 e6 2. d4 d5 3. exd5 exd5 4. Nf3 Nf6 5. Bg5 Be7 6. Be2 O-O 7. O-O h6
8. Bh4 Nc6 9. c3 Ne4 10. Bxe7 Qxe7 11. Nbd2 Bf5 12. Re1 Nxd2 13. Qxd2 Rab8
14. b4 Bg4 15. b5 Nd8 16. h3 Bh5 17. Ne5 Bxe2 18. Rxe2 Qd6 19. Rae1 f6 20.
Ng6 Rf7 21. Re8+ Kh7 22. Qd3 f5 23. Nh4 g6 24. Qe3 c6 25. bxc6 Nxc6 26. Re6
Qf8 27. Nxg6 Qg8 28. Ne7 Nxe7 29. Qxh6# { Black checkmated } 1-0

[Event "ICC tourney 2289 (45 10)"]
[Site "Internet Chess Club"]
[Date "2021.01.09"]
[Round "1"]
[White "Fuydestroyer"]
[Black "amka03"]
[Result "0-1"]
[ICCResult "White checkmated"]
[WhiteElo "129"]
[BlackElo "1061"]
[Opening "two knights defense"]
[ECO "C58"]
[NIC "KP.01"]
[Time "12:04:05"]
[PlyCount "88"]
[TimeControl "2700+10"]

1. e4 e5 2. Nf3 Nc6 3. Bc4 Nf6 4. Ng5 d5 5. exd5 Na5 6. b3 Nxc4 7. bxc4 Bc5
8. O-O O-O 9. Nc3 h6 10. Nge4 Bd4 11. Nxf6+ Qxf6 12. Bb2 Bf5 13. Rb1 Qg6
14. d3 Bg4 15. Ne2 Qh5 16. Re1 Bb6 17. d4 exd4 18. Qd2 Bxe2 19. Rxe2 Qh4
20. g3 Qg4 21. Rd1 Rfe8 22. Rxe8+ Rxe8 23. Bxd4 Bxd4 24. Qxd4 Re1+ 25. Kg2
Qxd1 26. Qxd1 Rxd1 27. Kf3 Rc1 28. c5 Rxc2 29. d6 Rxc5 30. d7 Rd5 31. d8=Q+
Rxd8 32. h4 Rd2 33. a4 Ra2 34. g4 Rxa4 35. h5 g6 36. Kg3 gxh5 37. gxh5 c5
38. f4 c4 39. Kg4 c3 40. Kf5 c2 41. Kf6 c1=Q 42. f5 Qc3+ 43. Ke7 Rd4 44. f6
Qe3# { White checkmated } 0-1

[Event "ICC tourney 2289 (45 10)"]
[Site "Internet Chess Club"]
[Date "2021.01.09"]
[Round "1"]
[White "YoungPony"]
[Black "SGOLD9367"]
[Result "0-1"]
[ICCResult "White checkmated"]
[WhiteElo "997"]
[BlackElo "1210"]
[Opening "Queen's pawn, Mason variation"]
[ECO "D00"]
[NIC "QP.08"]
[Time "12:04:02"]
[PlyCount "164"]
[TimeControl "2700+10"]

1. d4 d5 2. Bf4 Nf6 3. e3 Nc6 4. Bd3 Bd7 5. Nf3 h6 6. O-O Bg4 7. Nbd2 e6 8.
a3 Be7 9. Qe1 Nh5 10. Bg3 Nxg3 11. fxg3 Bh5 12. Ne5 Nxe5 13. dxe5 Bc5 14.
Nf3 c6 15. Nd4 Qb6 16. Qc3 O-O-O 17. b4 Be7 18. Rfb1 Bg5 19. Bf1 a6 20. b5
axb5 21. Rxb5 Qc7 22. Rbb1 Qxe5 23. Re1 Kd7 24. Qb3 Rb8 25. Nf3 Qc7 26.
Nxg5 hxg5 27. e4 Rhe8 28. exd5 exd5 29. Qd3 Bg6 30. Qd2 f6 31. Kh1 Re5 32.
c4 Rbe8 33. Rac1 Rxe1 34. Rxe1 Be4 35. Rc1 Qd6 36. c5 Qe7 37. Bd3 Bxd3 38.
Qxd3 Qe1+ 39. Qf1 Qxf1+ 40. Rxf1 Re3 41. h4 Rxg3 42. hxg5 Rxg5 43. Kh2 Rg4
44. Kh3 Ra4 45. Rf3 Ra5 46. Rc3 d4 47. Rd3 Ra4 48. Kg4 Ke6 49. Kf4 Ra5 50.
Rxd4 Rxc5 51. Re4+ Re5 52. Rb4 b5 53. Rb2 g5+ 54. Kg4 Re4+ 55. Kf3 f5 56.
g4 Rxg4 57. Re2+ Re4 58. Rg2 g4+ 59. Kg3 Ra4 60. Rc2 Rxa3+ 61. Kh4 Ra6 62.
Kg5 g3 63. Re2+ Kd7 64. Kxf5 Ra8 65. Rg2 Rg8 66. Kf4 c5 67. Ke5 Kc6 68. Ke4
b4 69. Kd3 Rg4 70. Kc2 c4 71. Kb1 b3 72. Kb2 Kc5 73. Kc3 Kb5 74. Rd2 g2 75.
Rd5+ Kc6 76. Rd2 g1=Q 77. Kb2 Rg2 78. Rxg2 Qxg2+ 79. Kc3 Qc2+ 80. Kb4 b2
81. Ka5 b1=Q 82. Ka6 Qca2# { White checkmated } 0-1

[Event "ICC tourney 2289 (45 10)"]
[Site "Internet Chess Club"]
[Date "2021.01.09"]
[Round "1"]
[White "joefiler"]
[Black "Sreshthaj"]
[Result "0-1"]
[ICCResult "White checkmated"]
[WhiteElo "654"]
[BlackElo "1110"]
[Opening "Sicilian"]
[ECO "B50"]
[NIC "SI.01"]
[Time "12:04:04"]
[PlyCount "70"]
[TimeControl "2700+10"]

1. e4 c5 2. Nf3 d6 3. Bc4 Nf6 4. Nc3 a6 5. d3 Bg4 6. h3 Bh5 7. Ne5 dxe5 8.
g4 Bg6 9. Bg5 e6 10. Qf3 Be7 11. h4 h6 12. Be3 O-O 13. h5 Bh7 14. O-O-O Nc6
15. Ne2 b5 16. Bb3 a5 17. a3 a4 18. Ba2 b4 19. g5 hxg5 20. Bxg5 bxa3 21.
Rhg1 axb2+ 22. Kb1 Nb4 23. h6 g6 24. Nc3 Nh5 25. Bxe7 Qxe7 26. Qxh5 Qf6 27.
Rd2 Kh8 28. Qd1 a3 29. Bb3 Rfb8 30. Na4 Qe7 31. c3 Nc6 32. Qc2 Na5 33. d4
Nxb3 34. Nxc5 Nxc5 35. dxc5 a2# { White checkmated } 0-1

[Event "ICC tourney 2289 (45 10)"]
[Site "Internet Chess Club"]
[Date "2021.01.09"]
[Round "1"]
[White "notarnav"]
[Black "Douglas1"]
[Result "1-0"]
[ICCResult "Black resigns"]
[WhiteElo "1192"]
[BlackElo "876"]
[Opening "Scotch: Schmidt variation"]
[ECO "C45"]
[NIC "SO.04"]
[Time "12:03:58"]
[PlyCount "39"]
[TimeControl "2700+10"]

1. e4 e5 2. Nf3 Nc6 3. d4 exd4 4. Nxd4 Nf6 5. Nxc6 bxc6 6. Nc3 Bb4 7. Bd3
O-O 8. O-O d5 9. e5 Ng4 10. f4 Bc5+ 11. Kh1 Nf2+ 12. Rxf2 Bxf2 13. Qf3 Bb6
14. f5 Qh4 15. Bf4 Qf2 16. Qg4 g6 17. Qg5 Kh8 18. Qf6+ Kg8 19. Bh6 Qg1+ 20.
Rxg1 { Black resigns } 1-0

[Event "ICC tourney 2289 (45 10)"]
[Site "Internet Chess Club"]
[Date "2021.01.09"]
[Round "1"]
[White "Honeybrook"]
[Black "kartsicc"]
[Result "1/2-1/2"]
[ICCResult "Game drawn by repetition"]
[WhiteElo "1332"]
[BlackElo "988"]
[Opening "Sicilian"]
[ECO "B50"]
[NIC "SI.01"]
[Time "12:04:00"]
[PlyCount "70"]
[TimeControl "2700+10"]

1. e4 c5 2. Nf3 d6 3. h3 Nf6 4. Bd3 g6 5. c3 Bg7 6. O-O Nc6 7. Bc2 Qb6 8.
d4 cxd4 9. cxd4 O-O 10. Nc3 Nd7 11. Na4 Qc7 12. Be3 b5 13. Nc3 a6 14. Qd2
Bb7 15. a3 Na5 16. Bh6 Nc4 17. Qc1 e6 18. Bxg7 Kxg7 19. b3 Ncb6 20. Qb2 Kg8
21. Rac1 f5 22. Ng5 Rfe8 23. exf5 exf5 24. Rfd1 Qd8 25. h4 h6 26. Nf3 Bxf3
27. gxf3 Qxh4 28. Kg2 Qg5+ 29. Kh3 Qh5+ 30. Kg2 Qg5+ 31. Kh3 Qh5+ 32. Kg2
Qg5+ 33. Kh3 Qh5+ 34. Kg2 Qg5+ 35. Kh3 Qh5+ { Game drawn by repetition }
1/2-1/2

[Event "ICC tourney 2289 (45 10)"]
[Site "Internet Chess Club"]
[Date "2021.01.09"]
[Round "1"]
[White "destoyer123"]
[Black "oxdidi"]
[Result "0-1"]
[ICCResult "White checkmated"]
[WhiteElo "1223"]
[BlackElo "959"]
[Opening "Giuoco Piano"]
[ECO "C54"]
[NIC "IG.02"]
[Time "12:04:53"]
[PlyCount "124"]
[TimeControl "2700+10"]

1. e4 e5 2. Nf3 Nc6 3. Bc4 Bc5 4. c3 Nf6 5. d3 h6 6. O-O O-O 7. Nbd2 d6 8.
h3 Bd7 9. Re1 Qe7 10. Nf1 a6 11. Ng3 Ba7 12. Nh4 d5 13. exd5 Nxd5 14. Bxd5
Qxh4 15. Be3 Rfe8 16. Bxa7 Rxa7 17. Qf3 Qe7 18. Qe3 Raa8 19. Bxc6 Bxc6 20.
d4 e4 21. f3 Qe6 22. Kf2 exf3 23. Qxe6 fxe6 24. gxf3 Rf8 25. Ne4 Rf7 26.
Re3 Raf8 27. Rae1 Bxe4 28. Rxe4 Rxf3+ 29. Kg2 Rf2+ 30. Kg1 Rxb2 31. Rxe6
Rxa2 32. Re7 Rff2 33. Rxc7 Rg2+ 34. Kh1 Rh2+ 35. Kg1 Rhg2+ 36. Kh1 Rh2+ 37.
Kg1 Rxh3 38. Re8+ Kh7 39. Ree7 Rg3+ 40. Kf1 Kh8 41. Rc8+ Kh7 42. d5 Rh3 43.
Kg1 Rd3 44. Re1 Rxd5 45. Rc1 Rd7 46. Rb8 h5 47. Rf8 g6 48. c4 Kg7 49. Rf3
g5 50. c5 g4 51. Rg3 Kg6 52. Kh1 Kg5 53. Rb3 h4 54. Rbb1 g3 55. Rb4 Rdd2
56. Re1 Rh2+ 57. Kg1 h3 58. Re5+ Kf6 59. Rf4+ Kxe5 60. Rf2 Ra1+ 61. Rf1
Rh1+ 62. Kxh1 Rxf1# { White checkmated } 0-1

[Event "ICC tourney 2289 (45 10)"]
[Site "Internet Chess Club"]
[Date "2021.01.09"]
[Round "1"]
[White "VN10"]
[Black "aiden004"]
[Result "1-0"]
[ICCResult "Black checkmated"]
[WhiteElo "948"]
[BlackElo "1210"]
[Opening "French: advance, Paulsen attack"]
[ECO "C02"]
[NIC "FR.03"]
[Time "12:03:59"]
[PlyCount "125"]
[TimeControl "2700+10"]

1. e4 e6 2. d4 d5 3. e5 c5 4. Nf3 Nc6 5. c3 Qb6 6. Nbd2 cxd4 7. cxd4 Bd7 8.
Nb3 Bb4+ 9. Bd2 Nge7 10. Bd3 Rc8 11. O-O Bxd2 12. Qxd2 Qb4 13. Qg5 Ng6 14.
h4 Qe7 15. Bxg6 hxg6 16. Qxe7+ Nxe7 17. Nc5 b6 18. Nxd7 Kxd7 19. g3 Rc2 20.
b3 Rhc8 21. a4 R8c3 22. Ng5 f6 23. exf6 gxf6 24. Nh7 f5 25. Rfb1 Re2 26. a5
b5 27. Kg2 Rcc2 28. Rf1 Re4 29. Nf6+ Kd6 30. Nxe4+ dxe4 31. Rfd1 Kd5 32.
Rac1 Rc6 33. Rxc6 Nxc6 34. f3 Nxd4 35. fxe4+ fxe4 36. b4 Kc4 37. Re1 Kd3
38. Kf2 Nf3 39. Re3+ Kd4 40. Re2 Ne5 41. Rd2+ Nd3+ 42. Ke2 Kc3 43. Ke3 Ne5
44. Rd4 Nc4+ 45. Kxe4 Kxb4 46. Rd7 a6 47. g4 Kxa5 48. h5 gxh5 49. gxh5 Nb6
50. Rd1 Nd5 51. Ke5 b4 52. h6 Ne7 53. h7 Ng6+ 54. Kf6 Nh8 55. Kg7 b3 56.
Kxh8 Ka4 57. Kg7 Ka3 58. h8=Q Ka2 59. Qh2+ b2 60. Rd2 Ka3 61. Rxb2 a5 62.
Rb8 Ka4 63. Qa2# { Black checkmated } 1-0

[Event "ICC tourney 2289 (45 10)"]
[Site "Internet Chess Club"]
[Date "2021.01.09"]
[Round "1"]
[White "aWildNateDawg"]
[Black "srihassm"]
[Result "1-0"]
[ICCResult "Black checkmated"]
[WhiteElo "1109"]
[BlackElo "590"]
[Opening "Ruy Lopez: closed, center attack"]
[ECO "C84"]
[NIC "RL.15"]
[Time "12:13:47"]
[PlyCount "127"]
[TimeControl "2700+10"]

1. e4 e5 2. Nf3 Nc6 3. Bb5 a6 4. Ba4 Nf6 5. O-O Be7 6. d4 exd4 7. Nxd4 Ne5
8. Nf5 O-O 9. Nxe7+ Qxe7 10. Bg5 c5 11. Bxf6 Qxf6 12. c3 b5 13. Bc2 Nc4 14.
Qc1 b4 15. Bb3 bxc3 16. Nxc3 Nb6 17. Qe3 c4 18. Bc2 Re8 19. Rad1 Bb7 20.
Qd4 Qxd4 21. Rxd4 a5 22. Nb5 Re5 23. Nd6 Ba6 24. Rfd1 Rb8 25. Nf5 g6 26.
Ne3 Bc8 27. Nxc4 Nxc4 28. Rxc4 Ba6 29. Rcd4 Rxb2 30. Bb3 Be2 31. Re1 Bg4
32. f3 Be6 33. Rc1 Bxb3 34. axb3 Rxb3 35. Rxd7 a4 36. Rc8+ Kg7 37. Rcc7
Rb1+ 38. Kf2 Rb2+ 39. Ke3 Rb3+ 40. Kd4 Reb5 41. Rxf7+ Kg8 42. Rxh7 R5b4+
43. Ke5 Rb5+ 44. Kf4 g5+ 45. Kg3 a3 46. Rhd7 Rb8 47. Ra7 Kf8 48. Rh7 Kg8
49. Rhg7+ Kf8 50. Rxg5 R8b7 51. Rxb7 Rxb7 52. Ra5 Rb3 53. h4 Kg7 54. Kf4
Kg6 55. g4 Kh6 56. Ra6+ Kh7 57. g5 Kg7 58. h5 Kh7 59. Ra7+ Kg8 60. h6 a2
61. Rxa2 Kh7 62. Ra7+ Kg6 63. Kg4 Rb8 64. Rg7# { Black checkmated } 1-0

[Event "ICC tourney 2289 (45 10)"]
[Site "Internet Chess Club"]
[Date "2021.01.09"]
[Round "1"]
[White "BlueDuck"]
[Black "catcity"]
[Result "0-1"]
[ICCResult "White checkmated"]
[WhiteElo "980"]
[BlackElo "1239"]
[Opening "King's gambit"]
[ECO "C30"]
[NIC "KG.05"]
[Time "12:04:01"]
[PlyCount "108"]
[TimeControl "2700+10"]

1. e4 e5 2. f4 d6 3. Nf3 Nc6 4. h3 Nf6 5. Nc3 g6 6. Bc4 Bg7 7. d3 O-O 8.
O-O Be6 9. Bb3 Qd7 10. Ba4 a6 11. Ng5 b5 12. Nxe6 fxe6 13. Bb3 Kh8 14. f5
exf5 15. exf5 gxf5 16. Nd5 Nxd5 17. Bxd5 Rf6 18. Qf3 Nd4 19. Qd1 c6 20. Bb3
d5 21. c3 Ne6 22. Qh5 Raf8 23. Be3 f4 24. Bf2 Rh6 25. Qg4 Rff6 26. Qe2 Rfg6
27. h4 Bf6 28. h5 Rg5 29. Bh4 Rgxh5 30. Bxf6+ Kg8 31. Bxe5 Qf7 32. Qg4+ Rg5
33. Qf3 Rxe5 34. Rae1 Rxe1 35. Rxe1 Ng5 36. Qg4 Rg6 37. Qc8+ Kg7 38. Kf2 f3
39. g4 Rh6 40. Qf5 Rh2+ 41. Ke3 Qe7+ 42. Kd4 Qxe1 43. Qxg5+ Kf7 44. Qf4+
Ke8 45. Qxh2 f2 46. Qh5+ Ke7 47. Qxh7+ Kd8 48. Qh8+ Kc7 49. Qh2+ Kb7 50.
Qh7+ Kb6 51. Qh2 Qe7 52. Qg2 Qf6+ 53. Ke3 f1=Q 54. Bxd5 Q6f4# { White
checkmated } 0-1

[Event "ICC tourney 2289 (45 10)"]
[Site "Internet Chess Club"]
[Date "2021.01.09"]
[Round "1"]
[White "kookiefalcon"]
[Black "chessfidebullet"]
[Result "1-0"]
[ICCResult "Black checkmated"]
[WhiteElo "871"]
[BlackElo "1204"]
[Opening "Philidor's defense"]
[ECO "C41"]
[NIC "KP.08"]
[Time "12:04:15"]
[PlyCount "115"]
[TimeControl "2700+10"]

1. e4 e5 2. Nf3 d6 3. d4 Bg4 4. dxe5 Qe7 5. exd6 Qxe4+ 6. Be2 Bxd6 7. Nc3
Qb4 8. a3 Qa5 9. b4 Bxb4 10. axb4 Qxa1 11. Nd5 Na6 12. Bxa6 O-O-O 13. Be2
c6 14. c4 cxd5 15. O-O Nf6 16. Qc2 d4 17. h3 d3 18. Bxd3 Bxf3 19. Bf5+ Nd7
20. Bg5 Qe5 21. Bxd8 Be2 22. Re1 Re8 23. Bh4 Qd4 24. Bg3 Kd8 25. Bxd7 Re7
26. Rxe2 Rxd7 27. Re1 f5 28. Qxf5 Qf6 29. Qxf6+ gxf6 30. b5 h5 31. Bh4 Rd6
32. c5 Rd5 33. Bxf6+ Kc7 34. Re7+ Kc8 35. b6 a5 36. Rc7+ Kb8 37. Bh4 Rd1+
38. Kh2 a4 39. Be7 a3 40. Bd6 a2 41. Rc6+ Rxd6 42. Rxd6 Kc8 43. Rd1 h4 44.
Ra1 Kd7 45. Rxa2 Kc6 46. Rc2 Kb5 47. f4 Ka6 48. f5 Kb5 49. f6 Kc6 50. f7
Kd7 51. f8=Q Kc6 52. Qc8+ Kb5 53. c6 Kb4 54. cxb7 Kb5 55. b8=Q Kb4 56. Qa8
Kb3 57. b7 Kb4 58. b8=Q# { Black checkmated } 1-0

[Event "ICC tourney 2289 (45 10)"]
[Site "Internet Chess Club"]
[Date "2021.01.09"]
[Round "1"]
[White "salamenceg"]
[Black "ruthvikal"]
[Result "1-0"]
[ICCResult "Black checkmated"]
[WhiteElo "1080"]
[BlackElo "197"]
[Opening "Ruy Lopez: Berlin defense, 4.O-O, d6"]
[ECO "C66"]
[NIC "RL.07"]
[Time "12:04:00"]
[PlyCount "149"]
[TimeControl "2700+10"]

1. e4 e5 2. Nf3 Nc6 3. Bb5 Nf6 4. O-O d6 5. Re1 Be7 6. d4 Bd7 7. d5 Na5 8.
Bxd7+ Qxd7 9. Qe2 O-O 10. b4 c6 11. bxa5 cxd5 12. exd5 Nxd5 13. Ng5 h6 14.
Nf3 Rac8 15. Rd1 Rc5 16. Be3 Nxe3 17. Qxe3 Rxa5 18. Nbd2 Qe6 19. Qb3 d5 20.
Qxb7 d4 21. Qb3 Qf5 22. Qd3 Qf6 23. Re1 Bb4 24. a3 Bxd2 25. Qxd2 Rc5 26.
Rac1 Rfc8 27. h3 Qf5 28. Nh4 Qh7 29. Qe2 h5 30. Nf3 f6 31. Qa6 R8c7 32. Qa4
Rc8 33. Qxa7 Qf5 34. Rb1 Rxc2 35. Rb8 Rxb8 36. Qxb8+ Kh7 37. Qb1 Kh6 38.
Rc1 Rxc1+ 39. Qxc1+ Kh7 40. Ne1 d3 41. Qd2 e4 42. f3 exf3 43. Nxf3 Qc5+ 44.
Kh2 Qxa3 45. Ne1 Qd6+ 46. Kh1 g5 47. Qxd3+ Qxd3 48. Nxd3 Kg6 49. g4 h4 50.
Kg2 f5 51. Kf3 fxg4+ 52. Kxg4 Kf6 53. Nf2 Ke5 54. Kxg5 Kd4 55. Kxh4 Ke3 56.
Kg4 Kxf2 57. h4 Ke3 58. h5 Ke4 59. Kg5 Ke5 60. h6 Ke6 61. Kg6 Ke7 62. h7
Kd6 63. h8=Q Kd5 64. Qd8+ Ke4 65. Qf6 Kd3 66. Qe5 Kc4 67. Qd6 Kc3 68. Qd5
Kc2 69. Qd4 Kc1 70. Qf2 Kd1 71. Kf5 Kc1 72. Ke4 Kb1 73. Kd3 Ka1 74. Kc3 Kb1
75. Qb2# { Black checkmated } 1-0

[Event "ICC tourney 2289 (45 10)"]
[Site "Internet Chess Club"]
[Date "2021.01.09"]
[Round "2"]
[White "Harithaananth"]
[Black "VN10"]
[Result "0-1"]
[ICCResult "White checkmated"]
[WhiteElo "1087"]
[BlackElo "948"]
[Opening "Four knights: Spanish, classical defense"]
[ECO "C48"]
[NIC "KP.03"]
[Time "14:30:22"]
[PlyCount "44"]
[TimeControl "2700+10"]

1. e4 e5 2. Nf3 Nc6 3. Nc3 Nf6 4. Bb5 Bc5 5. Nxe5 Bxf2+ 6. Kxf2 Nxe5 7. Rf1
Nfg4+ 8. Kg1 Qh4 9. h3 Qg3 10. hxg4 Nxg4 11. Rf3 Qh2+ 12. Kf1 Qh1+ 13. Ke2
Qxg2+ 14. Kd3 Ne5+ 15. Kd4 Nxf3+ 16. Kc4 a6 17. Nd5 axb5+ 18. Kxb5 c6+ 19.
Kc4 cxd5+ 20. exd5 Qg4+ 21. Kd3 Ne5+ 22. Kc3 Qc4# { White checkmated } 0-1

[Event "ICC tourney 2289 (45 10)"]
[Site "Internet Chess Club"]
[Date "2021.01.09"]
[Round "2"]
[White "EthanDember"]
[Black "notarnav"]
[Result "0-1"]
[ICCResult "White resigns"]
[WhiteElo "1030"]
[BlackElo "1192"]
[Opening "Sicilian: Nimzovich-Rossolimo attack (without ...d6)"]
[ECO "B30"]
[NIC "SI.31"]
[Time "14:30:56"]
[PlyCount "20"]
[TimeControl "2700+10"]

1. e4 c5 2. Nf3 Nc6 3. Bb5 e6 4. O-O Be7 5. d4 cxd4 6. Nxd4 Nf6 7. Nc3 O-O
8. Bf4 e5 9. Bxc6 exd4 10. e5 Ne8 { White resigns } 0-1

[Event "ICC tourney 2289 (45 10)"]
[Site "Internet Chess Club"]
[Date "2021.01.09"]
[Round "2"]
[White "catcity"]
[Black "salamenceg"]
[Result "0-1"]
[ICCResult "White checkmated"]
[WhiteElo "1239"]
[BlackElo "1080"]
[Opening "Four knights: Spanish, classical defense"]
[ECO "C48"]
[NIC "KP.03"]
[Time "14:30:21"]
[PlyCount "52"]
[TimeControl "2700+10"]

1. e4 e5 2. Nf3 Nc6 3. Nc3 Nf6 4. Bb5 Bc5 5. O-O O-O 6. d3 d6 7. h3 Nd4 8.
Be3 c6 9. Ba4 h6 10. Bxd4 exd4 11. Ne2 d5 12. exd5 Qxd5 13. Bb3 Qd8 14. c3
dxc3 15. bxc3 Bf5 16. d4 Bb6 17. Nh4 Bh7 18. Nf4 g5 19. Nfg6 gxh4 20. Nxf8
Qxf8 21. Qf3 Qg7 22. Rfe1 Kh8 23. Re7 Rf8 24. Rxb7 Be4 25. Rxf7 Rxf7 26.
Qf4 Qxg2# { White checkmated } 0-1

[Event "ICC tourney 2289 (45 10)"]
[Site "Internet Chess Club"]
[Date "2021.01.09"]
[Round "2"]
[White "Nikunjmore"]
[Black "AirMaisem"]
[Result "1-0"]
[ICCResult "Black resigns"]
[WhiteElo "672"]
[BlackElo "1171"]
[Opening "Scotch game"]
[ECO "C45"]
[NIC "SO.04"]
[Time "14:30:32"]
[PlyCount "67"]
[TimeControl "2700+10"]

1. e4 e5 2. Nf3 Nc6 3. d4 exd4 4. Nxd4 Nxd4 5. Qxd4 c5 6. Qe3 d6 7. Nc3 Nf6
8. Bd2 Be7 9. Bb5+ Bd7 10. Bxd7+ Qxd7 11. O-O O-O 12. h3 Rfe8 13. b3 b5 14.
a3 h6 15. Qg3 Kh7 16. Qd3 a6 17. e5+ g6 18. exf6 Bxf6 19. Rae1 Bg7 20. Rxe8
Rxe8 21. Re1 Rb8 22. b4 c4 23. Qe4 d5 24. Qxd5 Qc7 25. Qf3 Rd8 26. Ne4 Qe7
27. Ng5+ Qxg5 28. Bxg5 hxg5 29. Qxf7 Rf8 30. Qe6 Bd4 31. Qd7+ Bg7 32. Re7
Rg8 33. Re8 Rxe8 34. Qxe8 { Black resigns } 1-0

[Event "ICC tourney 2289 (45 10)"]
[Site "Internet Chess Club"]
[Date "2021.01.09"]
[Round "2"]
[White "srihassm"]
[Black "YoungPony"]
[Result "1-0"]
[ICCResult "Black checkmated"]
[WhiteElo "590"]
[BlackElo "997"]
[Opening "Sicilian: Cortlever (Alatortsev) variation"]
[ECO "B53"]
[NIC "SI.01"]
[Time "14:30:32"]
[PlyCount "135"]
[TimeControl "2700+10"]

1. e4 c5 2. Nf3 d6 3. d4 Nf6 4. Nc3 g6 5. dxc5 dxc5 6. Qxd8+ Kxd8 7. Bc4 e6
8. O-O Bg7 9. Rd1+ Ke7 10. Nb5 Nc6 11. Nc7 Rb8 12. e5 Nd7 13. Bg5+ Kf8 14.
Bb5 h6 15. Bf4 Kg8 16. Na6 bxa6 17. Bxc6 Nb6 18. Rd8+ Kh7 19. Rxh8+ Kxh8
20. Rd1 Bb7 21. Bxb7 Rxb7 22. Rd8+ Kh7 23. b3 Nd5 24. Bd2 c4 25. bxc4 Nf4
26. h3 g5 27. Bxf4 gxf4 28. Rd6 Rb4 29. Rxa6 Rxc4 30. Rxa7 Rxc2 31. Rxf7
Rxa2 32. Rxf4 Re2 33. Rf7 Kg6 34. Re7 Bxe5 35. Rxe6+ Kf5 36. Nd4+ Bxd4 37.
Rxe2 Kg6 38. Re6+ Kf5 39. Rxh6 Kg5 40. Rd6 Be5 41. Rd5 Kf6 42. Rxe5 Kxe5
43. g3 Kf5 44. f3 Kg5 45. Kg2 Kg6 46. g4 Kg5 47. Kg3 Kg6 48. h4 Kh6 49. f4
Kg6 50. h5+ Kh6 51. Kh4 Kg7 52. g5 Kh7 53. f5 Kg7 54. h6+ Kh7 55. Kh5 Kg8
56. g6 Kh8 57. Kg5 Kg8 58. Kf6 Kf8 59. h7 Ke8 60. Ke6 Kd8 61. h8=Q+ Kc7 62.
Qh7+ Kc6 63. Qd7+ Kc5 64. g7 Kc4 65. g8=Q Kc3 66. Qg3+ Kb4 67. Qc6 Ka5 68.
Qa3# { Black checkmated } 1-0

[Event "ICC tourney 2289 (45 10)"]
[Site "Internet Chess Club"]
[Date "2021.01.09"]
[Round "2"]
[White "Douglas1"]
[Black "joefiler"]
[Result "1-0"]
[ICCResult "Black resigns"]
[WhiteElo "876"]
[BlackElo "654"]
[Opening "Two knights defense"]
[ECO "C57"]
[NIC "KP.01"]
[Time "14:30:20"]
[PlyCount "83"]
[TimeControl "2700+10"]

1. e4 e5 2. Nf3 Nc6 3. Bc4 Nf6 4. Ng5 d5 5. exd5 Nb4 6. d6 Nbd5 7. dxc7
Qxc7 8. Bxd5 Nxd5 9. Nc3 Nf6 10. O-O Bg4 11. Qe1 Bc5 12. Nge4 Bf5 13. Nxc5
Qxc5 14. d3 O-O 15. Qe3 Qd6 16. Ne4 Nxe4 17. dxe4 Be6 18. Bd2 a5 19. a3 f5
20. b4 f4 21. Qe2 Rf6 22. bxa5 Rg6 23. Qd3 Qe7 24. Rab1 Qg5 25. Qf3 Bg4 26.
Qb3+ Kh8 27. Qxb7 Rc8 28. Rb6 Bh3 29. Rxg6 Qxg6 30. g3 Rxc2 31. Rc1 Rxc1+
32. Bxc1 h5 33. Qb8+ Kh7 34. Qxe5 fxg3 35. hxg3 Qg4 36. Qf5+ g6 37. Qxg4
hxg4 38. a6 Kg7 39. a7 Kf6 40. a8=Q Ke6 41. Qd5+ Ke7 42. a4 { Black resigns
} 1-0